AoeStats
← XultrAslan58

Arena

507289456Analyzed
2v2 RM · 14d ago on Sep 17, 2026· 36m 7s· 4 players
Game mode
Random Map
Map size
Medium (4 player)
Population
200
Speed
Normal
Resources
Standard
Victory
Conquest
Starting age
Dark Age
Ending age
Imperial Age
RankedLock teamsTeams togetherTeam positionsShared explorationLock speedFull tech treeHidden civsTurbo modeCheats
Victory
Defeat
🇵🇪 Spanish · Peru
907
+16
🇺🇾 Lithuanians · Uruguay
891
+16
🇬🇧 Celts · United Kingdom
944
-18
🇩🇪 Portuguese · Germany
852
-14
Miguel Angel
12:26 Feudal Age
16:14 Castle Age
14:23 Double-Bit Axe
16:33 Horse Collar
26:52 Bow Saw
27:46 Redemption
32:00 Imperial Age
33:53 Chemistry
35:17 Forging
35:14 Gold Mining
36:34 Two-Man Saw
alex_anz
10:11 Feudal Age
11:44 Wheelbarrow
10:56 Loom
13:48 Castle Age
12:32 Double-Bit Axe
12:55 Horse Collar
18:43 Bow Saw
24:16 Wheelbarrow
29:01 Imperial Age
27:06 Hand Cart
27:57 Forging
27:52 Scale Barding Armor
29:16 Treadmill Crane
29:52 Bloodlines
29:08 Cavalier
30:41 Bloodlines
30:32 Husbandry
31:30 Iron Casting
31:00 Scale Barding Armor
30:56 Paladin
35:24 Gold Mining
37:01 Chain Barding Armor
neilcasserly3
10:13 Loom
11:59 Feudal Age
18:47 Castle Age
17:05 Man-at-Arms
17:53 Horse Collar
18:01 Double-Bit Axe
18:41 Scale Mail Armor
20:02 Elite Skirmisher
20:56 Pikeman
22:26 Padded Archer Armor
27:03 Wheelbarrow
27:08 Bow Saw
34:33 Imperial Age
31:44 Long Swordsman
34:46 Halberdier
34:53 Capped Ram
XultrAslan58
12:22 Feudal Age
13:02 Double-Bit Axe
13:03 Horse Collar
14:32 Gold Mining
14:32 Stone Mining
19:44 Castle Age
20:42 Bow Saw
20:36 Heavy Plow
21:16 Stone Shaft Mining
29:10 Imperial Age
31:08 Fletching
31:18 Padded Archer Armor
Connection lost

Rejoining the realm…

Still unreachable

The connection could not be restored.

Session expired

The server has moved on; the page needs a fresh start.